 Dungeon Crawl Stone Soup version 0.31-a0-799-g6bc09d010c (webtiles) character file.

Game seed: 2292043372490532905

499 Skeral the Digger (level 7, -3/60 HPs)
             Began as a Meteoran Earth Elementalist on Sept 20, 2023.
             Slain by an orc
             ... wielding a +0 flail
              (7 damage)
             ... on level 4 of the Dungeon.
             The game lasted 00:08:40 (1510 turns).

Skeral the Digger (Meteoran Earth Elementalist)     Turns: 1510, Time: 00:08:41

Health: -3/60      AC:  2    Str:  8 (9)  XL:     7   Next: 67%
Magic:  8/12       EV: 12    Int: 16 (19) God:
Gold:   160        SH:  0    Dex: 12 (15) Spells: 2/12 levels left

rFire   . . .        q - +0 dagger (venom)
rCold   . . .        (no shield)
rNeg    . . .        a - +0 robe
rPois   .            (no helmet)
rElec   .            (no cloak)
rCorr   .            (no gloves)
SInv    .            (no boots)
Will    +....        i - amulet of magic regeneration
Stlth   +            (no ring)
HPRegen 0.30/turn    (no ring)
MPRegen 0.53/turn

%: no passive effects
@: attractive, enlightened, flying, glowing
A: sense surroundings 1, otherworldly, glowing, explore regen
a: no special abilities


You were on level 4 of the Dungeon.
You visited 1 branch of the dungeon, and saw 4 of its levels.

You collected 160 gold pieces.


Innate Abilities, Weirdness & Mutations

You passively map a small area around you.
You are easily found by Zot.
You glow in the dark.
You regain HP and MP as you explore.


   Skills:
 + Level 4.6 Fighting
 - Level 2.1 Dodging
 - Level 1.4 Stealth
 - Level 3.0 Spellcasting
 + Level 3.8 Conjurations
 - Level 2.0 Transmutations
 + Level 6.3 Earth Magic


You had 2 spell levels left.
You knew the following spells:

 Your Spells              Type           Power      Damage    Failure   Level
a - Stone Arrow           Conj/Erth      36%        3d9       7%          3
p - Passwall              Tmut/Erth      12%        N/A       4%          2
s - Sandblast             Erth           44%        2d11      1%          1
X - Brom's Barrelling Bo  Conj/Erth      18%        2d4       22%         4

Your spell library contained the following spells:

 Spells                   Type           Power      Damage    Failure   Level
 Petrify                  Tmut/Erth      15%        N/A       32%         4

Inventory:

Hand Weapons
 q - a +0 dagger of venom (weapon)
   (You took it off a goblin on level 2 of the Dungeon)
Armour
 a - a +0 robe (worn)
 k - a +0 helmet
   (You took it off Robin on level 2 of the Dungeon)
 p - a scarf of shadows
   (You found it on level 2 of the Dungeon)
Jewellery
 i - an amulet of magic regeneration (around neck)
   (You found it on level 1 of the Dungeon)
 v - the amulet "Fuwn" {Spirit rPois}
   (You found it on level 3 of the Dungeon)

   [amulet of guardian spirit]

   Spirit:    It causes incoming damage to be divided between your reserves of
   health and magic.
   rPois:     It protects you from poison
 F - a ring of protection from fire
   (You found it on level 4 of the Dungeon)
Wands
 w - a wand of flame (15)
   (You found it on level 4 of the Dungeon)
Scrolls
 d - 2 scrolls of teleportation {unknown}
 e - a scroll of immolation {unknown}
 j - 2 scrolls of fog {unknown}
 m - a scroll of brand weapon
 n - a scroll of blinking {unknown}
 o - 2 scrolls of identify {unknown}
 y - a scroll of noise {unknown}
Potions
 b - 2 potions of magic
 c - a potion of mutation {unknown}
 f - a potion of heal wounds {unknown}
 g - 2 potions of attraction {!q}
 l - a potion of invisibility {unknown}
 r - a potion of experience {unknown}
 s - a potion of enlightenment
 t - a potion of degeneration {!q}
 u - a potion of resistance {unknown}
 x - a potion of brilliance {unknown}

Dungeon Overview and Level Annotations

Branches:
Dungeon (4/15) Zot: 824
 Temple: D:4-7

Altars:
Cheibriados
Fedhas
Kikubaaqudgha
Qazlal

, #...................
, #......#.......#####
,
,#......#............
, #####'##............
, +......'............
, #......#............
##..g...########.....
#...og...#.....######
#...@Wo..#...........
,#........#...........
,
##......##...........
,
##......##.....######
,
+.......##.....#.....
,
,#.......##.....#....)
, ,
#..............#.....
,
##..#######.<..#.....
,,
#..#.....#....'.....


You could see a phantom, 2 orcs, a hobgoblin and a goblin.


Message History

You lost 3 mp, and now have 0/12 mp.
You feel sick. 😨 MP[+1]
You feel sick. 😨 HP[+1]
You feel sick. 😨 MP[+1]
You feel sick.
You see here an emerald potion. 😨 HP[-1]
You take 1 damage, and now have 21/60 hp.
t - 2 emerald potions (gained 1)
You feel sick.
You are no longer poisoned.
The phantom hits you but does no damage. 😨 MP[+1]
The phantom hits you!
* * * LOW HITPOINT WARNING * * *
😱 HP[-7] MP[+2]
You take 7 damage, and now have 14/60 hp.
You regained 2 mp, and now have 5/12 mp.
You open the door. The phantom hits you.
* * * LOW HITPOINT WARNING * * *
😱 HP[-6]
You take 6 damage, and now have 8/60 hp.
There is an open door here. 😱 MP[+1] 😱 HP[+1]
Casting: Stone Arrow (dangerous; 5% risk of failure)
Confirm with . or Enter, or press ? or * to list all spells.
Aiming: Stone Arrow (dangerous; 5% risk of failure)
Press: ? - help, Shift-Dir - straight line, f - phantom
Aim: a phantom (60% to hit)
The stone arrow misses the phantom.
The phantom barely misses you. 😱 MP[-2]
You lost 2 mp, and now have 4/12 mp.
It was a potion of attraction.
You feel attractive to monsters. The phantom hits you.
* * * LOW HITPOINT WARNING * * *
The phantom blinks!
You blink.
The orc is attracted toward you. 😱 HP[-6]
You take 6 damage, and now have 3/60 hp.
It was a potion of enlightenment.
You feel very buoyant.
You fly up into the air.
The phantom closely misses you. The orc hits you with a +0 club.
* * * LOW HITPOINT WARNING * * *
😱 MP[+1] It was a potion of degeneration.
There was something very wrong with that liquid.
You feel weakened.
You feel dopey.
You feel clumsy. The phantom hits you.
* * * LOW HITPOINT WARNING * * *
The phantom blinks!
You blink.
The orc is attracted toward you. The goblin is attracted toward you.
The orc is attracted toward you.
The hobgoblin is attracted toward you. 😱 HP[-1]
You take 1 damage, and now have 2/60 hp.
It was a potion of curing.
You feel better. The phantom hits you.
* * * LOW HITPOINT WARNING * * *
The orc misses you. 😱 HP[+5] MP[+1]
You regained 5 hp, and now have 7/60 hp.
Okay, then.
As you read the scroll labelled AXIAFR ILEIPLYRI, it crumbles to dust.
It is a scroll of brand weapon.
Your +0 dagger drips with poison.
q - a +0 dagger of venom (weapon)
The goblin closely misses you. The phantom completely misses you.
The hobgoblin hits you.
* * * LOW HITPOINT WARNING * * *
The orc is attracted toward you.
You feel better. The phantom barely misses you.
The goblin hits you with a +0 club.
* * * LOW HITPOINT WARNING * * *
The orc hits you with a +0 flail.
* * * LOW HITPOINT WARNING * * *
The orc misses you.
The hobgoblin barely misses you. 😱 HP[+3] MP[+1]
You regained 3 hp, and now have 10/60 hp.
You closely miss the phantom. The goblin hits you with a +0 club.
* * * LOW HITPOINT WARNING * * *
The phantom barely misses you. The orc completely misses you.
The orc closely misses you.
The hobgoblin completely misses you. 😱 HP[-3]
You take 3 damage, and now have 7/60 hp.
You barely miss the orc. The phantom barely misses you.
The goblin hits you with a +0 club.
* * * LOW HITPOINT WARNING * * *
The orc closely misses you. The orc hits you with a +0 club.
* * * LOW HITPOINT WARNING * * *
The hobgoblin barely misses you. 😱 HP[-4] MP[+1]
You take 4 damage, and now have 3/60 hp.
The orc attacks as it pursues you! The orc hits you with a +0 flail!
You die...

Skill      XL: |  1  2  3  4  5  6  7 |
---------------+----------------------+-----
Fighting       | 1 2 3 4 |  4.6
Spellcasting   | 3 |  3.0
Earth Magic    | 4 5 6 |  6.3
Transmutations | 2 |  2.0
Conjurations   | 1 2 3 |  3.8
Dodging        | |  2.1
Stealth        | |  1.4

Action                     |  1- 3 |  4- 6 |  7- 9 || total
---------------------------+-------+-------+-------++-------
  Melee: Unarmed           |       |     2 |       ||     2
         Dagger            |       |     6 |     6 ||    12
   Cast: Sandblast         |    40 |    78 |    15 ||   133
         Passwall          |       |     5 |       ||     5
         Stone Arrow       |       |     5 |    13 ||    18
    Use: Potion            |       |       |     5 ||     5
         Scroll            |       |       |     1 ||     1
 Armour: Robe              |    13 |    47 |    35 ||    95
  Dodge: Dodged            |    13 |    43 |    31 ||    87

Levels and vault maps discovered:
D:1:      dpeg_arrival_rhombi, layout_basic
D:2:      layout_basic, serial_undead, serial_undead_a, serial_undead_b,
          serial_undead_e, serial_undead_a, serial_undead_d, serial_undead_a,
          basic_altar, uniq_robin
D:3:      layout_rooms, mainiacjoe_overflow_concentric_impassable,
          mainiacjoe_overflow_large_starburst, minmay_ruptured
D:4:      cheibrodos_barr_body, layout_gridville, kennysheep_little_box,
          uniq_crazy_yiuf_cottage, uniq_natasha

Notes
Turn   | Place    | Note
-------+----------+-------------------------------------------
     0 | D:1      | Skeral the Meteoran Earth Elementalist began the quest for
                  | the Orb.
     0 | D:1      | Reached XP level 1. HP: 14/14 MP: 5/5
     0 | D:1      | magus.rc [v1.10.3]
    89 | D:1      | Reached XP level 2. HP: 22/22 MP: 4/6
   291 | D:1      | Reached skill level 1 in Fighting
   291 | D:1      | Reached skill level 3 in Spellcasting
   291 | D:1      | Reached XP level 3. HP: 12/28 MP: 2/8
   296 | D:1      | Reached skill level 4 in Earth Magic
   298 | D:1      | Reached skill level 2 in Transmutations
   503 | D:2      | Reached XP level 4. HP: 30/36 MP: 6/9
   505 | D:2      | Reached skill level 2 in Fighting
   510 | D:2      | Noticed Robin
   523 | D:2      | Killed Robin
   531 | D:2      | Learned a level 3 spell: Stone Arrow
   534 | D:2      | Learned a level 2 spell: Passwall
   584 | D:2      | Reached XP level 5. HP: 42/42 MP: 8/10
   630 | D:3      | Found a stormy altar of Qazlal.
   740 | D:3      | Reached skill level 1 in Conjurations
   743 | D:3      | Reached skill level 3 in Fighting
   743 | D:3      | Reached skill level 5 in Earth Magic
   918 | D:3      | Reached XP level 6. HP: 43/51 MP: 11/11
   920 | D:3      | Reached skill level 2 in Conjurations
   949 | D:3      | Found an ancient bone altar of Kikubaaqudgha.
  1150 | D:3      | Learned a level 4 spell: Brom's Barrelling Boulder
  1157 | D:3      | Found a snail-covered altar of Cheibriados.
  1175 | D:3      | Identified the amulet "Fuwn" {Spirit rPois}
  1256 | D:4      | HP: 13/52 [white imp (5)]
  1257 | D:4      | HP: 5/52 [white imp/puff of frost (9)]
  1259 | D:4      | Reached XP level 7. HP: 6/58 MP: 3/12
  1294 | D:4      | Reached skill level 4 in Fighting
  1294 | D:4      | Reached skill level 3 in Conjurations
  1294 | D:4      | Reached skill level 6 in Earth Magic
  1324 | D:4      | Found a blossoming altar of Fedhas.
  1497 | D:4      | HP: 14/60 [phantom (7)]
  1502 | D:4      | HP: 3/60 [phantom (6)]
  1507 | D:4      | HP: 15/60 [goblin/+0 club (3)]
  1508 | D:4      | HP: 7/60 [goblin/+0 club (3)]
  1509 | D:4      | HP: 3/60 [orc/+0 club (3)]
  1510 | D:4      | Slain by an orc

Vanquished Creatures
  An ogre (D:4)
  A phantom (D:4)
  A scorpion (D:4)
  An iguana (D:4)
  Robin (D:2)
  9 gnolls
  5 adders
  2 white imps (D:4)
  An ufetubus (D:4)
  A worm (D:2)
  3 dart slugs
  2 orcs
  3 ball pythons
  A bat skeleton (D:2)
  A bat zombie (D:2)
  7 endoplasms
  2 giant cockroaches (D:3)
  4 hobgoblins
  6 jackals
  8 quokkas
  A ball python zombie (D:2)
  7 bats
  2 frilled lizards (D:1)
  15 goblins
  3 kobolds
  A quokka skeleton (D:2)
  5 rats
94 creatures vanquished.

Table legend:
 A = Non-vault XP
 B = Vault XP
 C = Vault XP percentage of total XP
 D = Non-vault monster count
 E = Vault monster count
 F = Vault count percentage of total count
                 A         B        C        D         E       F
            +---------+---------+-------+---------+---------+-------
      Total |     575 |     139 |  19.5 |      70 |      24 |  25.5
            +---------+---------+-------+---------+---------+-------
        D:1 |      49 |       0 |   0.0 |      21 |       0 |   0.0
        D:2 |      52 |      42 |  44.7 |      14 |      16 |  53.3
        D:3 |     161 |      12 |   6.9 |      21 |       6 |  22.2
        D:4 |     313 |      85 |  21.4 |      14 |       2 |  12.5
            +---------+---------+-------+---------+---------+-------

Skill      XL: |  1  2  3  4  5  6  7 |
---------------+----------------------+-----
Fighting       | 1 2 3 4 |  4.6
Spellcasting   | 3 |  3.0
Earth Magic    | 4 5 6 |  6.3
Transmutations | 2 |  2.0
Conjurations   | 1 2 3 |  3.8
Dodging        | |  2.1
Stealth        | |  1.4

Action                     |  1- 3 |  4- 6 |  7- 9 || total
---------------------------+-------+-------+-------++-------
  Melee: Unarmed           |       |     2 |       ||     2
         Dagger            |       |     6 |     6 ||    12
   Cast: Sandblast         |    40 |    78 |    15 ||   133
         Passwall          |       |     5 |       ||     5
         Stone Arrow       |       |     5 |    13 ||    18
    Use: Potion            |       |       |     5 ||     5
         Scroll            |       |       |     1 ||     1
 Armour: Robe              |    13 |    47 |    35 ||    95
  Dodge: Dodged            |    13 |    43 |    31 ||    87

Illustrated notes

Table legend:
 A = Kills in this place as a percentage of kills in the entire game.
 B = Kills by you in this place as a percentage of kills by you in the entire game.
 C = Kills by friends in this place as a percentage of kills by friends in the entire game.
 D = Other kills in this place as a percentage of other kills in the entire game.
 E = Experience gained in this place as a percentage of experience gained in the entire game.
 F = Experience gained in this place divided by the number of levels of this place that you have seen.
                   A       B       C       D       E      F
               +-------+-------+-------+-------+-------+----------------------
         Total | 100.0 | 100.0 |   N/A |   N/A | 100.0 | 178.5
       Dungeon | 100.0 | 100.0 |   N/A |   N/A | 100.0 | 178.5
               +-------+-------+-------+-------+-------+----------------------

Table legend: (Time is in decaauts)
 A = Elapsed time spent in this place.
 B = Non-inter-level travel time spent in this place.
 C = Inter-level travel time spent in this place.
 D = Time resting spent in this place.
 E = Time spent auto-exploring this place.
 F = Levels seen in this place.
 G = Mean time per level.
                   A        B        C        D        E       F      G
               +--------+--------+--------+--------+--------+-----+--------+
         Total |   1574 |   1536 |     38 |      0 |     98 |   4 |  393.5 |
       Dungeon |   1574 |   1536 |     38 |      0 |     98 |   4 |  393.5 |
               +--------+--------+--------+--------+--------+-----+--------+

Top non-repeatable levels by time:
     D:1: 485 daAuts
     D:3: 463 daAuts
     D:2: 330 daAuts
     D:4: 296 daAuts
